 Dungeon Sprint DCSS version 0.29-a0-824-gd827844252 (webtiles) character file.

Game seed: 10654413053759137145

290 mhtbhm the Arsonist (level 6, -1/55 HPs)
             Began as an Ogre Fire Elementalist on July 9, 2022.
             Was an Initiate of Vehumet.
             Incinerated by a deep elf pyromancer (8 damage)
             ... with a sticky flame
             ... in the Dungeon (Sprint III: "The Ten Rune Challenge").
             The game lasted 00:02:52 (1095 turns).

mhtbhm the Arsonist (Ogre Fire Elementalist)        Turns: 1095, Time: 00:02:53

Health: -1/55      AC:  3    Str: 13    XL:     6   Next: 32%
Magic:  10/16      EV: 10    Int: 18    God:    Vehumet [......]
Gold:   31         SH:  0    Dex:  9    Spells: 3/20 levels left

rFire   . . .      SeeInvis .   (no weapon)
rCold   . . .      Faith    .   (no shield)
rNeg    . . .      Spirit   .   a - +0 robe
rPois   .          Reflect  .   (helmet restricted)
rElec   .          Harm     .   (no cloak)
rCorr   .          Rampage  .   (gloves unavailable)
Will    .....      NoTele   +   (boots unavailable)
Stlth   +.........              (no amulet)
HPRegen 0.18/turn               (no ring)
MPRegen 0.15/turn               (no ring)

@: on fire, glowing
A: large, unfitting armour, tough skin 1
a: Renounce Religion


You were in the Dungeon.
You worshipped Vehumet.
Vehumet was noncommittal.
You visited 1 branch You collected 31 gold pieces.

Inventory:

Armour
 a - a +0 robe (worn)
Wands
 l - a wand of mindburst (19)
Scrolls
 c - a scroll of immolation {unknown}
 g - 2 scrolls of blinking
 h - a scroll of poison {unknown}
 i - a scroll of identify {unknown}
Potions
 b - 2 potions of magic
 d - a potion of flight {unknown}
 e - a potion of haste
 f - a potion of berserk rage
 j - a potion of curing
 k - 6 potions of mutation


   Skills:
 + Level 1.6 Fighting
 + Level 4.2 Dodging
 + Level 3.1 Stealth
 + Level 7.7 Spellcasting
 + Level 3.6 Conjurations
 + Level 8.1 Fire Magic


You had 3 spell levels left.
You knew the following spells:

 Your Spells              Type           Power      Damage    Failure   Level
a - Foxfire               Conj/Fire      100%       2x1d9     1%          1
b - Scorch                Fire           72%        2d9       1%          2
c - Conjure Flame         Conj/Fire      28%        6-21      2%          3
d - Inner Flame           Hex/Fire       21%        N/A       5%          3
e - Flame Wave            Conj/Fire      28%        2d8       9%          4
f - Sticky Flame          Conj/Fire      28%        2d5       9%          4

Your spell library contained the following spells:

 Spells                   Type           Power      Damage    Failure   Level
 Static Discharge         Conj/Air       13%        3-5/arc   8%          2
 Apportation              Tloc           12%        N/A       10%         1
 Dispel Undead            Necr           6%         3d8       69%         4
 Alistair's Intoxication  Tmut/Pois      4%         N/A       95%         5


Dungeon Overview and Level Annotations

Branches:
Dungeon (1/1)

Altars:
Dithmenos
Elyvilon
Kikubaaqudgha
Ru
Sif Muna
Vehumet
Yredelemnul
Zin
The Shining One


Innate Abilities, Weirdness & Mutations

You are too large for most types of armour.
You have tough skin. (AC +1)


Message History

l - a wand of mindburst (19)
There is a shadowy altar of Dithmenos here.
There is a sacrificial altar of Ru here.
There is a basalt altar of Yredelemnul here.
There is an open door here.
Items here: ) [ ††.
You start resting.
HP restored.
You start resting.
Okay, then.
There is a fountain of clear blue water here.
You open the door.
Found a glowing silver altar of Zin.
A deep elf pyromancer comes into view.
It is wielding a +0 long sword of holy wrath.
Found a potion of heal wounds.
Found two altars.
There is an open door here.
Casting: Scorch (safe; 1% risk of failure)
Confirm with . or Enter, or press ? or * to list all spells.
Casting: Flame Wave (dangerous; 9% risk of failure)
Press: ? - help, Dir - look around, f - activate A wave of flame ripples out! (Press . to intensify the flame waves.)
The deep elf pyromancer points at you and mumbles some strange words.
The bolt of fire hits you!!
Ouch! That really hurt!
A wave of flame ripples out!
The flame wave engulfs the deep elf pyromancer!
The deep elf pyromancer is moderately wounded.
The deep elf pyromancer points at you and mumbles some strange words.
The sticky flame hits you!
You are covered in liquid flames!
* * * LOW HITPOINT WARNING * * *
A wave of flame ripples out!
The flame wave engulfs the deep elf pyromancer!
The deep elf pyromancer is heavily wounded.
You finish channelling waves of flame.
You are covered in liquid flames!
* * * LOW HITPOINT WARNING * * *
You are covered in liquid flames!
You die...

▓▓▓▓▓▓▓▓ ▓▓▓ .'...♣.♣♣♣
♣.##### ####
.#........♣♣.#___# #__#
##....♣....♣.#!e.# #._#
.#....≈♣♣..♣.###@#+###)##
†#...≈≈....♣.#..........#
)#..≈≈≈≈.....'.§........#
÷#..≈≈≈≈≈≈...#...######+#
.#.≈≈≈≈≈≈....#.⌠.#
.#.≈≈≈≈≈.....#...#
.#.≈≈≈.......#)###
##...........#...#
.............#___#


You could see a deep elf pyromancer.

Vanquished Creatures
  A necrophage (D)
  A scorpion (D)
  A water elemental (D)
  Jessica (D)
  A wizard (D)
  A necromancer (D)
  A human (D)
  A kobold demonologist (D)
  An endoplasm (D)
  2 rats (D)
11 creatures vanquished.

Vanquished Creatures (others)
  47 foxfires (D)
47 creatures vanquished.

Grand Total: 58 creatures vanquished

Notes
Turn   | Place    | Note
-------+----------+-------------------------------------------
     0 | D        | mhtbhm the Ogre Fire Elementalist began the quest for the
                  | Orb.
     0 | D        | Reached XP level 1. HP: 16/16 MP: 3/3
     5 | D        | Reached skill level 1 in Conjurations
     5 | D        | Reached skill level 3 in Fire Magic
    49 | D        | Noticed Jessica
    54 | D        | Killed Jessica
    55 | D        | Reached skill level 4 in Fire Magic
    55 | D        | Reached XP level 2. HP: 17/24 MP: 0/6
    55 | D        | Reached XP level 3. HP: 22/31 MP: 0/8
   148 | D        | Learned a level 2 spell: Scorch
   152 | D        | Learned a level 3 spell: Conjure Flame
   156 | D        | Learned a level 3 spell: Inner Flame
   180 | D        | Reached skill level 5 in Fire Magic
   406 | D        | Noticed a scorpion
   429 | D        | Killed a scorpion
   430 | D        | Reached skill level 5 in Spellcasting
   430 | D        | Reached skill level 6 in Fire Magic
   430 | D        | Reached XP level 4. HP: 28/40 MP: 8/11
   569 | D        | Learned a level 4 spell: Flame Wave
   592 | D        | Noticed a water elemental
   596 | D        | Killed a water elemental
   597 | D        | Reached skill level 1 in Fighting
   597 | D        | Reached skill level 7 in Fire Magic
   597 | D        | Reached XP level 5. HP: 48/48 MP: 4/13
   724 | D        | Found a radiant altar of Vehumet.
   725 | D        | Found a shimmering blue altar of Sif Muna.
   725 | D        | Found an ancient bone altar of Kikubaaqudgha.
   912 | D        | Became a worshipper of Vehumet
   923 | D        | Learned a level 4 spell: Sticky Flame
   992 | D        | Found a basalt altar of Yredelemnul.
   992 | D        | Found a shadowy altar of Dithmenos.
   992 | D        | Found a sacrificial altar of Ru.
   996 | D        | Reached XP level 6. HP: 55/55 MP: 9/16
   999 | D        | Reached skill level 8 in Fire Magic
  1090 | D        | Found a glowing silver altar of Zin.
  1091 | D        | Found a glowing golden altar of the Shining One.
  1091 | D        | Found a white marble altar of Elyvilon.
  1091 | D        | Noticed a deep elf pyromancer
  1095 | D        | Incinerated by a deep elf pyromancer

Illustrated notes

Levels and vault maps discovered:
D:        dungeon_sprint_mu [sprint_mu_entry_forest, sprint_mu_temple_rooms,
          sprint_mu_d1_spiders, sprint_mu_d2_genie, sprint_mu_d3_branching,
          sprint_mu_orc_legion, sprint_mu_elf_gauntlet, sprint_mu_hive_nellie,
          sprint_mu_lair_fedhas, sprint_mu_vaults_butterflies,
          sprint_mu_slime_circle, sprint_mu_shoals_kraken,
          sprint_mu_snake_twists, sprint_mu_blade_basic,
          sprint_mu_crypt_fortress, sprint_mu_tomb_spiral,
          sprint_mu_vestibule_basic, sprint_mu_gehenna_hellfire,
          sprint_mu_dis_giant, sprint_mu_tartarus_statrot,
          sprint_mu_cocytus_islands, sprint_mu_zot1]

Skill      XL: |  1  2  3  4  5  6 |
---------------+-------------------+-----
Conjurations   | 1 2 3 |  3.6
Fire Magic     | 4 6 7 8 |  8.1
Dodging        | 2 3 4 |  4.2
Spellcasting   | 3 5 6 7 |  7.7
Stealth        | 2 3 |  3.1
Fighting       | 1 |  1.6

Action                   |  1- 3 |  4- 6 || total
-------------------------+-------+-------++-------
 Cast: Foxfire           |    23 |     8 ||    31
       Scorch            |     2 |     1 ||     3
       Flame Wave        |       |     4 ||     4
       Inner Flame       |       |     1 ||     1
  Use: Potion            |     3 |       ||     3
Armor: Robe              |     3 |       ||     3
Dodge: Dodged            |    15 |     2 ||    17

Table legend: (Time is in decaauts)
 A = Elapsed time spent in this place.
 B = Non-inter-level travel time spent in this place.
 C = Inter-level travel time spent in this place.
 D = Time resting spent in this place.
 E = Time spent auto-exploring this place.
 F = Levels seen in this place.
 G = Mean time per level.
                   A        B        C        D        E       F      G
               +--------+--------+--------+--------+--------+-----+--------+
         Total |   1096 |   1096 |      0 |    822 |      1 |   1 | 1096.0 |
       Dungeon |   1096 |   1096 |      0 |    822 |      1 |   1 | 1096.0 |
               +--------+--------+--------+--------+--------+-----+--------+

Top non-repeatable levels by time:
       D: 1096 daAuts
